 Dungeon Crawl Stone Soup version 0.30.1-9-gdf580d7c3d (webtiles) character file.

Game seed: 6097829428775427507

144 jagang the Slasher (level 5, -3/41 HPs)
             Began as a Human Fighter on Sept 28, 2023.
             Succumbed to a kobold's poison
             ... on level 3 of the Dungeon.
             The game lasted 00:04:16 (1547 turns).

jagang the Slasher (Human Fighter)                  Turns: 1547, Time: 00:04:17

Health: -3/41      AC:  8    Str: 18    XL:     5   Next: 52%
Magic:  5/5        EV:  9    Int:  9    God:
Gold:   107        SH:  4    Dex: 12    Spells: 4/4 levels left

rFire   . . .        a - +0 long sword (protect)
rCold   . . .        c - +0 buckler
rNeg    . . .        b - +0 scale mail
rPois   .            (no helmet)
rElec   .            (no cloak)
rCorr   .            i - +0 pair of gloves
SInv    .            (no boots)
Will    .....        (no amulet) Stlth
                     (no ring)
HPRegen 0.26/turn    (no ring)
MPRegen 0.09/turn

%: no passive effects
@: lethally poisoned (-3 -> -24), attractive, flying
A: no striking features
a: no special abilities


You were on level 3 of the Dungeon.
You visited 1 branch of the dungeon, and saw 3 of its levels.

You collected 107 gold pieces.

Inventory:

Hand Weapons
 a - a +0 long sword of protection (weapon)
Missiles
 l - 3 silver boomerangs (quivered)
Armour
 b - a +0 scale mail (worn)
 c - a +0 buckler (worn)
 i - a +0 pair of gloves (worn)
Jewellery
 j - an amulet of magic regeneration
Scrolls
 f - a scroll of fog {unknown}
 g - a scroll of poison
 n - 2 scrolls of blinking {unknown}
 o - a scroll of noise {unknown}
Potions
 d - a potion of might
 e - a potion of brilliance {unknown}
 m - a potion of heal wounds {unknown}


   Skills:
 + Level 3.4 Fighting
 * Level 4.1 Long Blades
 + Level 0.2 Throwing
 + Level 3.4 Armour
 - Level 0.4 Dodging
 + Level 3.5 Shields


You had 4 spell levels left.
You didn't know any spells.
Your spell library contained the following spells:

 Spells                   Type           Power      Damage    Failure   Level
 Slow                     Hex            0%         N/A       85%         1
 Confusing Touch          Hex            0%         N/A       99%         3
 Vampiric Draining        Necr           0%         2d6       99%         3


Dungeon Overview and Level Annotations

Branches:
Dungeon (3/15)

Altars:

Shops:
D:1 [


Message History

You kill the gnoll!
The kobold throws a stone.
The stone barely misses you. The gnoll barely misses you.
The gnoll hits you from afar with a +0 spear!
The kobold throws a stone.
The stone hits you but does no damage. The gnoll hits you with a +0 spear.
You block the kobold's attack.
Things that are here:
a +0 whip; a +0 whip; a rat corpse You slash the gnoll!
The gnoll is heavily wounded.
You block the kobold's attack. The gnoll barely misses you.
You hit the gnoll.
The gnoll is almost dead.
You block the gnoll's attack. The kobold hits you but does no damage.
You are poisoned.
You slash the gnoll!
You kill the gnoll!
You hear the slow rusting of a drain nearby.
You feel very sick. You block the kobold's attack.
You hit the frilled lizard.
You kill the frilled lizard!
You feel very sick. The kobold hits you but does no damage.
The kobold barely misses you.
You barely miss the kobold.
You feel sick. The kobold hits you but does no damage.
You are lethally poisoned!
You closely miss the kobold.
* * * LOW HITPOINT WARNING * * *
You feel very sick. The kobold closely misses you.
It was a potion of flight.
You feel very buoyant.
You fly up into the air.
* * * LOW HITPOINT WARNING * * *
You feel sick. The kobold hits you but does no damage.
You are more poisoned.
It was a potion of attraction.
You feel attractive to monsters.
You die...

#..#~#.......#
#..#~#.......#
######.††.........#
#..............####
. #..............#
.. #........#####.#
... #........# #.#
.... #........#
#.#### ...r.
#........#
#..@K#..[...
#........#
####)'......
#........#
#.'...... ###."....
...... ..... .....
.... #...


You could see a kobold.

Vanquished Creatures
  An orc wizard (D:2)
  3 gnolls (D:3)
  An adder (D:3)
  2 worms (D:2)
  2 dart slugs (D:1)
  3 orcs (D:2)
  3 bats
  4 endoplasms
  3 giant cockroaches
  7 hobgoblins
  6 jackals (D:1)
  7 kobolds
  6 quokkas
  5 ball pythons
  4 frilled lizards
  2 goblins (D:1)
  6 rats
65 creatures vanquished.

Notes
Turn   | Place    | Note
-------+----------+-------------------------------------------
     0 | D:1      | jagang the Human Fighter began the quest for the Orb.
     0 | D:1      | Reached XP level 1. HP: 18/18 MP: 1/1
    62 | D:1      | Reached XP level 2. HP: 19/24 MP: 2/2
   191 | D:1      | Reached XP level 3. HP: 29/29 MP: 3/3
   426 | D:1      | Found Lumevyr's Antique Armour Emporium.
   668 | D:2      | Reached skill level 3 in Long Blades
   843 | D:2      | Reached XP level 4. HP: 18/35 MP: 4/4
  1158 | D:2      | Found a faded altar of an unknown god.
  1304 | D:2      | Reached XP level 5. HP: 39/41 MP: 5/5
  1461 | D:3      | Reached skill level 4 in Long Blades
  1546 | D:3      | HP: 1/41 [poisoned by a kobold]
  1547 | D:3      | Succumbed to a kobold's poison

Illustrated notes

Levels and vault maps discovered:
D:1:      scummos_arrival_hexagon, layout_rooms, serial_shops, shop
D:2:      layout_basic, ebering_ecumenical_altar_sacrificial,
          kennysheep_crisscross
D:3:      kennysheep_big_flooded_room, layout_basic,
          nicolae_wu_jian_immortal_techniques, portal_sewer_entry_d

Skill      XL: |  1  2  3  4  5 |
---------------+----------------+-----
Long Blades    | 3 4 |  4.1
Fighting       | |  3.4
Throwing       | |  0.2
Armour         | |  3.4
Dodging        | |  0.4
Shields        | |  3.5

Action                     |  1- 3 |  4- 6 || total
---------------------------+-------+-------++-------
  Melee: Long sword        |   133 |    99 ||   232
  Throw: Boomerang         |       |     2 ||     2
    Use: Scroll            |       |     3 ||     3
         Potion            |       |     2 ||     2
 Armour: Scale mail        |    97 |    76 ||   173
  Dodge: Dodged            |   113 |    33 ||   146
  Block: Buckler           |    49 |    18 ||    67
